 Dungeon Crawl Stone Soup version 0.21-a0-404-g291f19a (webtiles) character file.

86 riteheju the Grave Robber (level 4, -1/33 HPs)
             Began as a Ghoul Necromancer on Oct 26, 2017.
             Killed from afar by Natasha (6 damage)
             ... with a magic dart
             ... on level 2 of the Dungeon.
             The game lasted 00:18:43 (1552 turns).

riteheju the Grave Robber (Ghoul Necromancer)       Turns: 1552, Time: 00:18:45

Health: -1/33      AC:  2    Str: 11    XL:     4   Next: 49%
Magic:  1/7        EV: 12    Int: 11    God:
Gold:   75         SH:  0    Dex:  9    Spells: 6/8 levels left

rFire    . . .     SeeInvis .   (no weapon)
rCold    + . .     Gourm    .   (no shield)
rNeg     + + +     Faith    .   a - +0 robe
rPois    ∞         Spirit   .   (no helmet)
rElec    .         Reflect  .   (no cloak)
rCorr    .         Harm     .   (no gloves)
MR       .....                  (no boots)
Stlth    ++........             (no amulet)
HPRegen  0.00/turn              k - ring of wizardry
MPRegen  0.10/turn              (no ring)

@: rotting
A: rotting body, claws 1, carnivore 3, cold resistance 1, negative energy
resistance 3, inhibited regeneration, torment resistance, unbreathing
a: no special abilities


You were on level 2 of the Dungeon.
You were not hungry.

You visited 1 branch of the dungeon, and saw 2 of its levels.

You collected 75 gold pieces.

Inventory:

Hand Weapons
 e - a +0 dagger
Missiles
 j - 16 stones (quivered)
Armour
 a - a +0 robe (worn)
Jewellery
 k - a ring of wizardry (left claw)
Scrolls
 f - 3 scrolls of identify {unknown}
 l - a scroll of immolation {unknown}
 m - a scroll of fear {unknown}
Potions
 d - 2 potions of haste {unknown}
 h - a potion of lignification {unknown}
 i - a potion of might {unknown}
Books
 b - a book of Necromancy

   Spells                             Type                      Level
   a - Pain                           Necromancy                   1
   b - Animate Skeleton               Necromancy                   1
   c - Vampiric Draining              Necromancy                   3
   d - Regeneration                   Charms/Necromancy            3
   e - Animate Dead                   Necromancy                   4
   f - Control Undead                 Necromancy                   4
Comestibles
 c - a meat ration
 g - 2 chunks of flesh


   Skills:
 * Level 0.2 Fighting
 + Level 1.8 Dodging
 + Level 2.4 Stealth
 + Level 0.4 Unarmed Combat
 + Level 2.6 Spellcasting
 * Level 5.0 Necromancy


You had 6 spell levels left.
You knew the following spells:

 Your Spells              Type           Power        Failure   Level  Hunger
a - Pain                  Necr           ##..         1%          1    ##.....
b - Animate Skeleton      Necr           N/A          1%          1    ##.....


Dungeon Overview and Level Annotations

Branches:
Dungeon (2/15)

Altars:
Trog

Annotations:
D:2 Natasha


Innate Abilities, Weirdness & Mutations

Your body is rotting away.
You thrive on raw meat.
You are immune to poison.
You have sharp fingernails.
You are carnivorous and can eat meat at any time.
Your flesh is cold resistant. (rC+)
You are immune to negative energy. (rN+++)
You do not regenerate when monsters are visible.
You are immune to unholy pain and torment.
You can survive without breathing.


Message History

Casting: Pain
Confirm with . or Enter, or press ? or * to list all spells.
Aiming: Pain
Press: ? - help, Shift-Dir - straight line, f/p - worm
Aim: a worm (severely wounded, chance to defeat MR: 76%)
The worm writhes in agony!
You scratch the worm.
You kill the worm!
The rat is no longer berserk.
You scratch the rat.
You kill the rat!
You see here a worm corpse.
Natasha drinks a potion.
Natasha suddenly seems more resistant.
You see here a worm corpse.
Casting: Pain
Confirm with . or Enter, or press ? or * to list all spells.
There is nothing here that can be animated!
Natasha stares at you and mumbles some strange words.
The magic dart hits you!
You die...

#....###....# #........
#...##y##...# ........#
#....###.(..#.#.#####.#
#...........#...# #.#
#.........###..# #.#
##...(...## #..# #.. #
####.####.##..# ##..
#.#.# #.# #.....# ##...
......##@#####...####....
....................'....
!.....######.h...####....
#.... ##.#.## ##... #...
#.### ##.. ##. #.# ##. #
#.# # #.# #.#


You could see a moth of wrath and Natasha.

Vanquished Creatures
  Natasha (D:2)
  A gnoll (D:1)
  An adder (D:2)
  2 worms (D:2)
  2 dart slugs (D:1)
  2 leopard geckos (D:1)
  3 goblins (D:1)
  5 hobgoblins (D:1)
  2 kobolds (D:1)
  A ball python (D:1)
  6 bats
  3 frilled lizards
  8 rats
37 creatures vanquished.

Notes
Turn   | Place    | Note
-------+----------+-------------------------------------------
     0 | D:1      | riteheju the Ghoul Necromancer began the quest for the Orb.
     0 | D:1      | Reached XP level 1. HP: 14/14 MP: 2/2
     2 | D:1      | Learned a level 1 spell: Animate Skeleton
   195 | D:1      | Reached XP level 2. HP: 3/20 MP: 1/3
   636 | D:1      | Reached XP level 3. HP: 25/25 MP: 2/5
  1453 | D:2      | Noticed Natasha
  1462 | D:2      | Killed Natasha
  1462 | D:2      | Reached skill level 5 in Necromancy
  1462 | D:2      | Reached XP level 4. HP: 31/33 MP: 0/6
  1491 | D:2      | Noticed a moth of wrath
  1494 | D:2      | Found a bloodstained altar of Trog.
  1540 | D:2      | Noticed Natasha
  1552 | D:2      | Killed from afar by Natasha

Vault maps used:
D:1:      enne_arrival_octagon_isle
D:2:      minmay_diamond_boxcup, tgw_trog, lemuel_doored_altar, uniq_natasha,
          uniq_jessica

Skill      XL: |  1  2  3 |
---------------+----------+-----
Spellcasting   | 2 |  2.6
Necromancy     | 5 |  5.0
Fighting       | |  0.2
Dodging        | |  1.8
Stealth        | |  2.4
Unarmed Combat | |  0.4

Action                   |  1- 3 |  4- 6 || total
-------------------------+-------+-------++-------
Melee: Unarmed           |    31 |    25 ||    56
       Dagger            |     6 |       ||     6
Throw: Stone             |       |     3 ||     3
 Cast: Pain              |    61 |     8 ||    69
       Animate Skeleton  |    14 |       ||    14
  Eat: Chunk             |    14 |     3 ||    17
Armor: Robe              |     6 |       ||     6
Dodge: Dodged            |    30 |    12 ||    42

Table legend:
 A = Spawn XP
 B = Non-spawn XP
 C = Spawn XP percentage of total XP
 D = Spawn monster count
 E = Non-spawn monster count
 F = Spawn count percentage of total count
 G = Total turns spent on level
                    A         B        C        D         E        F      G
               +---------+---------+-------+---------+---------+-------+---------
         Total |       0 |     123 |   0.0 |       0 |      37 |   0.0 |  1552
               +---------+---------+-------+---------+---------+-------+---------
           D:1 |       0 |      61 |   0.0 |       0 |      28 |   0.0 |  1408
           D:2 |       0 |      62 |   0.0 |       0 |       9 |   0.0 |   144
               +---------+---------+-------+---------+---------+-------+---------
